Map: Prion Terraces

Players

DakkoN

  • Race: Zerg Zerg
  • League: Master

Pokebunny - Winner!

  • Race: Terran Terran
  • League: Grandmaster

VOD

Have the link to the VOD?

Description

Time

  • Played on: April 5, 2016, 7:51 p.m.
  • Length: 7:08
Show
View Real Time Build Order
Export as new Build Order

DakkoN Zerg 

Build Orders: Hatch First, Zergling Baneling 

Get SALT Encoding   

  12  0:01  Drone  
  13  0:08  Drone  
  14  0:16  Overlord  
  14  0:35  Drone x3  
  17  0:52  Hatchery  
  17  0:55  Drone  
  17  0:58  Drone  
  17  1:00  Extractor  
  17  1:13  Spawning Pool  
  17  1:16  Drone  
  17  1:20  Drone  
  18  1:28  Drone  
  19  1:39  Overlord  
  19  2:00  Queen  
  19  2:01  Zergling x2, Metabolic Boost  
  22  2:03  Queen  
  22  2:07  Zergling x4  
  26  2:24  Zergling x6  
  26  2:29  Spore Crawler  
  27  2:39  Queen  
  27  2:41  Queen  
  32  2:47  Drone  
  32  2:48  Drone x2  
  35  2:56  Drone  
  36  3:04  Overlord  
  35  3:31  Zergling x2  
  35  3:32  Zergling x16  
  44  3:35  Baneling Nest  
  44  3:37  Extractor  
  42  3:46  Zergling x2  
  42  4:02  Drone  
  43  4:03  Overlord x2  
  43  4:18  Baneling x10  
  43  4:26  Drone x7  
  43  4:27  Drone  
  43  4:28  Drone x3  
  39  4:53  Drone x2  
  39  4:59  Drone x2  
  43  5:00  Evolution Chamber  
  43  5:02  Evolution Chamber  
  41  5:07  Zergling x2  
  41  5:08  Zergling x6  
  41  5:11  Drone x2  
  41  5:12  Hatchery  
  46  5:18  Drone x2  
  46  5:21  Zergling x2  
  49  5:27  Baneling x2  
  49  5:28  Baneling x2  
  49  5:34  Zergling x14  
  56  5:37  Extractor  
  56  5:38  Extractor  
  54  5:49  Zergling x2  
  51  5:50  Zergling x2  
  50  6:00  Zergling x4  
  50  6:03  Baneling  
  50  6:04  Overlord x2  
  49  6:21  Drone x3  
  49  6:24  Drone x3  
  55  6:30  Queen  
  57  6:38  Zergling x10  
  56  6:44  Zergling x2  
Show
View Real Time Build Order
Export as new Build Order

Pokebunny Terran - Winner!

Build Orders: Reaper Expand, MMM Bio 

Get SALT Encoding   

  12  0:00  SCV  
  13  0:12  SCV  
  14  0:17  Supply Depot  
  14  0:24  SCV  
  15  0:38  SCV  
  15  0:42  Barracks  
  16  0:45  Refinery  
  16  0:50  SCV  
  17  1:02  SCV  
  18  1:15  SCV  
  19  1:29  Reaper, Orbital Command  
  20  1:39  Command Center  
  21  1:54  Supply Depot, SCV  
  21  2:01  Barracks  
  21  2:02  Barracks Reactor  
  21  2:06  SCV  
  22  2:18  Barracks  
  22  2:20  Refinery  
  22  2:22  SCV  
  23  2:39  Marine x2  
  23  2:41  SCV  
  26  2:52  Orbital Command  
  26  2:54  Factory  
  26  2:56  Barracks Tech Lab  
  26  3:03  Marine x2  
  28  3:07  SCV  
  28  3:08  Marine  
  30  3:15  Marine, Stimpack  
  30  3:18  SCV  
  32  3:20  SCV  
  32  3:25  Marine x2  
  35  3:30  Marine  
  36  3:38  Supply Depot  
  36  3:41  Supply Depot, Bunker  
  36  3:44  Starport  
  36  3:46  Factory Reactor  
  36  3:49  SCV x2  
  36  3:55  Marine x3  
  39  3:57  Marine  
  39  4:02  SCV x2  
  44  4:14  Marine x3, SCV x2  
  44  4:15  Marine  
  50  4:26  SCV  
  50  4:27  SCV, Medivac x2  
  56  4:32  Marine x2  
  56  4:33  Marine x2  
  52  4:51  SCV x2  
  52  4:52  Marine, Bunker  
  53  4:54  Factory Tech Lab, Supply Depot  
  54  5:04  Supply Depot  
  54  5:06  Barracks Reactor  
  54  5:15  Marine x3  
  54  5:16  Medivac x2, SCV  
  54  5:19  Combat Shields  
  62  5:23  Command Center  
  62  5:24  Supply Depot  
  62  5:26  SCV  
  62  5:28  SCV  
  64  5:38  Engineering Bay  
  64  5:39  Engineering Bay, SCV  
  65  5:44  SCV  
  66  5:50  Medivac  
  66  5:51  Refinery x2, SCV  
  69  5:59  Marine  
  69  6:00  Marine x4  
  69  6:03  SCV x2  
  76  6:06  Supply Depot  
  76  6:07  Supply Depot  
  76  6:17  SCV x2  
  76  6:24  Marine x2  
  78  6:28  Marine x3  
  78  6:29  Supply Depot  
  81  6:42  Marine x2  
  81  6:46  Marine  
  91  7:08  Barracks x2  
Tags
 
Add a new tag
Caveats
  • Supply blocks, unpowered buildings, or Contaminate may cause inaccurate times.
  • Supply counts are checked every 10 seconds.